AoeStats
← JamesdoXD3

Arabia

510012163Analyzed
3v3 RM · 5d ago on Sep 29, 2026· 30m 37s· 6 players
Game mode
Random Map
Map size
Normal (6 player)
Population
200
Speed
Normal
Resources
Standard
Victory
Conquest
Starting age
Dark Age
Ending age
Imperial Age
RankedLock teamsTeams togetherTeam positionsShared explorationLock speedFull tech treeHidden civsTurbo modeCheats
Victory
Defeat
🇲🇽 Magyars · Mexico
1395
+8
🇲🇽 Khmer · Mexico
1180
+16
🇲🇽 Shu · Mexico
1108
+19
🇲🇽 Mongols · Mexico
1301
-19
🇨🇴 Maya · Colombia
1156
-13
🇲🇽 Goths · Mexico
1109
-11
El senor AOE
9:03 Feudal Age
9:44 Double-Bit Axe
11:03 Loom
15:00 Gold Mining
18:30 Castle Age
17:55 Forging
18:02 Bloodlines
19:20 Scale Barding Armor
19:22 Husbandry
calambres testiculares
0:26 Loom
10:30 Feudal Age
11:07 Town Watch
11:08 Double-Bit Axe
10:46 Man-at-Arms
15:01 Horse Collar
23:00 Castle Age
23:03 Elite Skirmisher
24:27 Town Patrol
26:11 Bow Saw
27:00 Scale Mail Armor
26:22 Long Swordsman
27:55 Squires
27:19 Pikeman
29:16 Squires
JamesdoXD3
0:32 Loom
10:19 Feudal Age
10:53 Double-Bit Axe
10:54 Horse Collar
19:19 Fletching
19:29 Padded Archer Armor
22:38 Castle Age
23:36 Eagle Warrior
24:39 Forging
24:29 Scale Mail Armor
24:43 Pikeman
26:18 Wheelbarrow
Sonaron Disparos
6:38 Loom
8:42 Feudal Age
9:29 Double-Bit Axe
17:31 Fletching
23:00 Castle Age
21:47 Stone Mining
21:49 Horse Collar
23:08 Padded Archer Armor
24:21 Forging
25:47 Bloodlines
26:12 Bow Saw
25:39 Crossbowman
27:54 Bodkin Arrow
30:23 Iron Casting
30:04 Gold Mining
31:42 Gold Shaft Mining
crepaz
0:28 Loom
7:08 Loom
10:15 Feudal Age
12:49 Town Watch
15:22 Padded Archer Armor
15:13 Fletching
21:59 Castle Age
22:02 Crossbowman
22:48 Thumb Ring
22:35 Pikeman
24:07 Leather Archer Armor
25:36 Bodkin Arrow
27:03 Scale Mail Armor
Dantegutsh
6:28 Loom
8:52 Feudal Age
9:40 Double-Bit Axe
21:34 Castle Age
20:00 Gold Mining
20:25 Bloodlines
22:17 Scale Barding Armor
22:17 Husbandry
27:55 Chain Barding Armor
Connection lost

Rejoining the realm…

Still unreachable

The connection could not be restored.

Session expired

The server has moved on; the page needs a fresh start.